 Dungeon Crawl Stone Soup version 0.31.0-12-g77e489cdc1 (webtiles) character file.

Game seed: 4889884577914777806

235 lordive the Slasher (level 5, 0/47 HPs)
             Began as a Minotaur Monk on Mar 2, 2024.
             Slain by a jelly (1 damage)
             ... on level 2 of the Dungeon.
             The game lasted 00:02:20 (1801 turns).

lordive the Slasher (Minotaur Monk)                 Turns: 1801, Time: 00:02:21

Health: 0/47       AC: -10   Str: 15    XL:     5   Next: 76%
Magic:  4/4        EV: 10    Int:  7    God:
Gold:   86         SH:  8    Dex: 15    Spells: 4/4 levels left

rFire   . . .        a - +0 falchion
rCold   . . .        g - +0 kite shield
rNeg    . . .        p - +0 ring mail
rPois   .            (helmet restricted)
rElec   .            (no cloak)
rCorr   .            (no gloves)
SInv    .            (no boots)
Will    .....        (no amulet)
Stlth   +            (no ring)
HPRegen 0.27/turn    (no ring)
MPRegen 0.09/turn

%: no passive effects
@: corroded
A: horns 2, retaliatory headbutt
a: no special abilities


You were on level 2 of the Dungeon.
You visited 1 branch of the dungeon, and saw 2 of its levels.

You collected 86 gold pieces.

Inventory:

Hand Weapons
 a - a +0 falchion (weapon)
 m - a +2 short sword of venom
Armour
 e - a +0 buckler
 g - a +0 kite shield (worn)
 p - a +0 ring mail (worn)
Jewellery
 d - a ring of resist corrosion
 l - an amulet of the acrobat
Scrolls
 b - a scroll of amnesia {unknown}
 h - a scroll of blinking {unknown}
 i - a scroll of enchant armour {unknown}
 o - a scroll of identify {unknown}
 q - a scroll of revelation {unknown}
 r - a scroll of vulnerability {unknown}
 s - a scroll of fear {unknown}
Potions
 c - a potion of ambrosia
 f - a potion of resistance {unknown}
 j - 2 potions of might {unknown}
 k - a potion of enlightenment {unknown}
 n - a potion of mutation {unknown}
 t - a potion of curing {unknown}


   Skills:
 + Level 4.9 Fighting
 + Level 6.0 Long Blades
 + Level 4.3 Dodging
 + Level 1.6 Shields


You had 4 spell levels left.
You didn't know any spells.
Your spell library contained the following spells:

 Spells                   Type           Power      Damage    Failure   Level
 Lesser Beckoning         Tloc           0%         N/A       99%         2
 Gell's Gravitas          Tloc           0%         N/A       100%        3
 Inner Flame              Hex/Fire       0%         N/A       100%        3
 Teleport Other           Tloc           0%         N/A       100%        3
 Irradiate                Conj/Alch      0%         3d11      100%        5
 Ignition                 Fire           0%         3d3       100%        8


Dungeon Overview and Level Annotations

Branches:
Dungeon (2/15)

Altars:
Ashenzari
Makhleb
Trog
Wu Jian
Xom
Yredelemnul
The Shining One


Innate Abilities, Weirdness & Mutations

You have a pair of horns on your head.
You reflexively headbutt those who attack you in melee.


Message History

You headbutt the endoplasm!
You kill the endoplasm!
The endoplasm quivers.
There is an open door here.
The endoplasm attacks as it pursues you!
The endoplasm closely misses you.
You hit the endoplasm. You headbutt the endoplasm.
You kill the endoplasm!
You hit the endoplasm.
The endoplasm is lightly wounded.
You hit the jelly but do no damage.
Your hands burn!
A nearby fungus withers and dies.
Something hits the toadstool. x2
The toadstool is destroyed!
The jelly barely misses you.
You slash the jelly! The acid corrodes you!
Your hands burn!
You headbutt the jelly.
The jelly is almost dead.
The jelly misses you. You furiously retaliate!
You headbutt the jelly.
You kill the jelly!
Your Long Blades skill increases to level 6!
The jelly hits you.
You are splashed with acid!
The jelly hits you but does no damage.
There is an open door here.
You hit the jelly. The acid corrodes you!
Your hands burn!
The jelly is lightly wounded.
You block the jelly's attack. The endoplasm closely misses you.
You furiously retaliate!
You headbutt the endoplasm, but do no damage.
You block the jelly's attack.
You slash the jelly!
Your hands burn!
The jelly is heavily wounded.
The jelly hits you. The acid corrodes you!
You are splashed with acid!
* * * LOW HITPOINT WARNING * * *
The endoplasm closely misses you. The jelly hits you.
* * * LOW HITPOINT WARNING * * *
The acid corrodes you!
You are splashed with acid.
* * * LOW HITPOINT WARNING * * *
Unknown command.
The jelly attacks as it pursues you! The jelly hits you.
You die...

....# #.....# #..... #...#
####### #..... #...# ### ###.....
#...# #######.##.÷.÷.$##.+.....
##.######....#.#.#....P.##.#.....
#.##.##.....#.#.#......##.#.....
#.##.').....#'#)#_._P._##.#.....
#....').......#.#J÷....##.#####.
#.##.)).......#@#JJ_÷.P##.....'.
+.##.##.......#J#J.....########.
########......##'JJ.P.P# #.# #.
##########J.÷...# #.# #. #######
#.# #. #.# ## #.# ###.# #...# ##


You could see a jelly and an endoplasm.

Vanquished Creatures
  Sigmund (D:2)
  A jelly (D:2)
  An adder (D:2)
  A ribbon worm (D:2)
  2 bats (D:2)
  8 endoplasms
  4 goblins
  3 hobgoblins
  2 jackals (D:2)
  9 kobolds
  2 quokkas
  4 ball pythons
  2 frilled lizards
  5 rats
45 creatures vanquished.

Notes
Turn   | Place    | Note
-------+----------+-------------------------------------------
     0 | D:1      | lordive the Minotaur Monk began the quest for the Orb.
     0 | D:1      | Reached XP level 1. HP: 19/19 MP: 0/0
   310 | D:1      | Found a faded altar of an unknown god.
   314 | D:1      | Reached XP level 2. HP: 27/27 MP: 1/1
   426 | D:1      | Reached skill level 4 in Long Blades
   979 | D:2      | Noticed Sigmund
  1115 | D:2      | Killed Sigmund
  1116 | D:2      | Reached skill level 5 in Long Blades
  1116 | D:2      | Reached skill level 1 in Shields
  1116 | D:2      | Reached XP level 3. HP: 10/34 MP: 2/2
  1116 | D:2      | Reached XP level 4. HP: 12/41 MP: 3/3
  1116 | D:2      | Reached XP level 5. HP: 14/47 MP: 4/4
  1396 | D:2      | Found a glowing golden altar of the Shining One.
  1791 | D:2      | Found a bloodstained altar of Trog.
  1791 | D:2      | Found a burning altar of Makhleb.
  1791 | D:2      | Found an ornate altar of the Wu Jian Council.
  1791 | D:2      | Found a broken altar of Ashenzari.
  1791 | D:2      | Found a shimmering altar of Xom.
  1791 | D:2      | Found a basalt altar of Yredelemnul.
  1797 | D:2      | Reached skill level 6 in Long Blades
  1799 | D:2      | HP: 1/47 [acid (6)]
  1801 | D:2      | Slain by a jelly

Illustrated notes

Levels and vault maps discovered:
D:1:      dpeg_arrival_oval, layout_basic, ebering_ecumenical_altar_hall
D:2:      cheibrodos_fertilizer, layout_basic, basic_altar, uniq_sigmund

Skill      XL: |  1  2  3  4  5 |
---------------+----------------+-----
Long Blades    | 5 6 |  6.0
Fighting       | 4 |  4.9
Dodging        | 4 |  4.3
Shields        | 1 |  1.6

Action                     |  1- 3 |  4- 6 || total
---------------------------+-------+-------++-------
  Melee: Falchion          |    51 |    42 ||    93
         Headbutt          |     4 |     7 ||    11
   Stab: Sleeping          |     1 |       ||     1
 Armour: Robe              |    35 |     3 ||    38
         Ring mail         |       |    13 ||    13
  Dodge: Dodged            |    32 |    18 ||    50
  Block: Buckler           |     2 |       ||     2
         Kite shield       |    16 |    21 ||    37
